 Dungeon Crawl Stone Soup version 0.30-a0-722-g3e6e8c874d (webtiles) character file.

Game seed: 14290861550614488598

128 Bnni the Vexing (level 5, 0/38 HPs)
             Began as a Formicid Hexslinger on Jan 28, 2023.
             Slain by an iguana (3 damage)
             ... on level 3 of the Dungeon.
             The game lasted 00:04:11 (2684 turns).

Bnni the Vexing (Formicid Hexslinger)               Turns: 2684, Time: 00:04:12

Health: 0/38       AC:  2    Str: 15    XL:     5   Next: 33%
Magic:  0/7        EV: 12    Int: 14    God:
Gold:   147        SH:  0    Dex: 14    Spells: 3/7 levels left

rFire   . . .      SeeInvis +    a - +1 sling
rCold   . . .      Faith    .    (no shield)
rNeg    . . .      Spirit   .    c - +0 robe
rPois   .          Reflect  .    (helmet unavailable)
rElec   .          Harm     .    (no cloak)
rCorr   .          Rampage  .    (no gloves)
Will    .....                    (no boots)
Stlth   +                        (no amulet)
HPRegen 0.26/turn                (no ring)
MPRegen 0.10/turn                (no ring)

@: no status effects
A: permanent stasis, dig shafts and tunnels, antennae 3, four strong arms
a: Dig, Shaft Self


You were on level 3 of the Dungeon.
You visited 1 branch of the dungeon, and saw 4 of its levels.

You collected 147 gold pieces.

Inventory:

Hand Weapons
 a - a +1 sling (weapon)
Armour
 c - a +0 robe (worn)
 k - a +0 kite shield
 m - +0 ice dragon scales
Jewellery
 n - a ring of wizardry
Wands
 i - a wand of polymorph (8)
 p - a wand of acid (11)
Scrolls
 b - a scroll of poison
 d - a scroll of enchant armour {unknown}
 e - a scroll of amnesia {unknown}
 g - a scroll of immolation {unknown}
 l - a scroll of brand weapon {unknown}
 o - 2 scrolls of fog {unknown}
 q - a scroll of magic mapping
Potions
 f - 2 potions of curing
 h - a potion of lignification {unknown}


   Skills:
 + Level 2.1 Fighting
 * Level 3.0 Ranged Weapons
 - Level 1.7 Dodging
 + Level 1.0 Shields
 + Level 1.6 Spellcasting
 * Level 4.6 Hexes
 * Level 2.0 Fire Magic


You had 3 spell levels left.
You knew the following spells:

 Your Spells              Type           Power      Damage    Failure   Level
a - Slow                  Hex            56%        N/A       3%          1
b - Inner Flame           Hex/Fire       10%        N/A       19%         3

Your spell library contained the following spells:

 Spells                   Type           Power      Damage    Failure   Level
 Portal Projectile        Hex/Tloc       14%        N/A       28%         3
 Stone Arrow              Conj/Erth      2%         3d7       58%         3
 Cause Fear               Hex            7%         N/A       36%         4
 Animate Armour           Summ/Erth      2%         N/A       94%         4
 Lehudib's Crystal Spear  Conj/Erth      0%         10d2      100%        8


Dungeon Overview and Level Annotations

Branches:
Dungeon (4/15)
 Temple: D:4-7

Altars:
Xom

Shops:
D:2 ?


Innate Abilities, Weirdness & Mutations

You cannot be hasted, slowed, berserked, paralysed or teleported.
You can dig through walls and to a lower floor.
You have a pair of large antennae on your head. (SInv)
Your four strong arms can wield two-handed weapons with a shield.


Message History

Aim: an iguana (lightly wounded, chance to affect: 56%)
The iguana resists with significant effort.
The iguana attacks as you move away! The iguana completely misses you.
The iguana attacks as you move away! The iguana barely misses you.
The iguana attacks as you move away! The iguana bites you.
The iguana attacks as you move away! The iguana bites you!
Casting: Slow (safe; 3% risk of failure)
Confirm with . or Enter, or press ? or * to list all spells.
Aiming: Slow (safe; 3% risk of failure)
Press: ? - help, Shift-Dir - straight line, f/p - iguana
Aim: an iguana (lightly wounded, chance to affect: 56%)
The iguana resists with significant effort.
The iguana misses you.
Casting: Slow (safe; 3% risk of failure)
Confirm with . or Enter, or press ? or * to list all spells.
You don't have enough magic to cast this spell.
Unknown command.
You shoot a sling bullet.
The sling bullet hits the iguana but does no damage.
The iguana is lightly wounded.
The iguana completely misses you.
You shoot a sling bullet. The sling bullet hits the iguana.
The iguana is lightly wounded.
The iguana bites you. The iguana closely misses you.
You shoot a sling bullet.
The sling bullet closely misses the iguana.
The iguana bites you but does no damage.
You shoot a sling bullet.
The sling bullet hits the iguana but does no damage.
The iguana is lightly wounded.
The iguana closely misses you.
You shoot a sling bullet. The sling bullet hits the iguana!
The iguana is heavily wounded.
The iguana bites you!
* * * LOW HITPOINT WARNING * * *
You shoot a sling bullet.
The sling bullet hits the iguana but does no damage.
The iguana is heavily wounded.
The iguana bites you.
You die...

#)#.####.# #...#
#.# ##.## #.# #.#
#.# #.# #.# #.#
#.# ##########.#
#.# ......(..#.#
#.#
########.#.#####@#
#.............l.#
#.#........##.###
##.#.###....##.#
.#.#.###.....#.#
.#.#.##.[......#
.#.#.##........#
.....##........#
.#...###.....#(#


You could see an iguana.

Vanquished Creatures
  4 adders
  A worm (D:3)
  3 dart slugs
  4 orcs
  4 endoplasms
  8 giant cockroaches (D:2)
  8 goblins
  4 hobgoblins
  6 jackals
  7 kobolds
  3 quokkas
  4 ball pythons
  5 bats
  4 frilled lizards
  8 rats
73 creatures vanquished.

Notes
Turn   | Place    | Note
-------+----------+-------------------------------------------
     0 | D:1      | Bnni the Formicid Hexslinger began the quest for the Orb.
     0 | D:1      | Reached XP level 1. HP: 15/15 MP: 2/2
    58 | D:1      | Reached XP level 2. HP: 21/21 MP: 3/3
   195 | D:1      | Reached skill level 4 in Hexes
   280 | D:1      | Reached XP level 3. HP: 26/26 MP: 4/4
   289 | D:1      | Learned a level 3 spell: Inner Flame
   295 | D:1      | Reached skill level 1 in Fire Magic
   321 | D:1      | Found a faded altar of an unknown god.
   768 | D:2      | Reached XP level 4. HP: 32/32 MP: 6/6
   807 | D:2      | Found a shimmering altar of Xom.
  1129 | D:2      | Found Haydgh's Magic Scroll Boutique.
  2012 | D:3      | Reached XP level 5. HP: 24/38 MP: 7/7
  2347 | D:3      | HP: 1/38 [hobgoblin (3)]
  2562 | D:2      | HP: 1/38 [adder (3)]
  2567 | D:2      | Reached skill level 1 in Shields
  2684 | D:3      | Slain by an iguana

Illustrated notes

Levels and vault maps discovered:
D:1:      minmay_arrival_four_circles, layout_basic,
          shapermc_ecumenical_altar_starsandcircs, hex_large
D:2:      layout_basic, serial_shops, nicolae_shop_trees, basic_altar,
          minmay_misc_feat_hallway, grunt_ministairs_6, minmay_worlds_worst_comb
D:3:      layout_loops_ring, kennysheep_generic_room_14
D:4:      layout_rooms

Skill      XL: |  1  2  3  4  5 |
---------------+----------------+-----
Hexes          | 4 |  4.6
Fire Magic     | 1 2 |  2.0
Fighting       | 2 |  2.1
Ranged Weapons | 3 |  3.0
Shields        | 1 |  1.0
Dodging        | |  1.7
Spellcasting   | |  1.6

Action                     |  1- 3 |  4- 6 || total
---------------------------+-------+-------++-------
   Fire: Sling             |    69 |   209 ||   278
   Cast: Slow              |       |    11 ||    11
         Inner Flame       |       |     1 ||     1
    Use: Potion            |       |     4 ||     4
         Scroll            |       |     3 ||     3
 Armour: Robe              |     5 |    26 ||    31
  Dodge: Dodged            |    19 |   100 ||   119

Table legend: (Time is in decaauts)
 A = Elapsed time spent in this place.
 B = Non-inter-level travel time spent in this place.
 C = Inter-level travel time spent in this place.
 D = Time resting spent in this place.
 E = Time spent auto-exploring this place.
 F = Levels seen in this place.
 G = Mean time per level.
                   A        B        C        D        E       F      G
               +--------+--------+--------+--------+--------+-----+--------+
         Total |   2760 |   2688 |     72 |     69 |   2021 |   4 |  690.0 |
       Dungeon |   2760 |   2688 |     72 |     69 |   2021 |   4 |  690.0 |
               +--------+--------+--------+--------+--------+-----+--------+

Top non-repeatable levels by time:
     D:2: 1035 daAuts
     D:3: 993 daAuts
     D:1: 664 daAuts
     D:4: 66 daAuts
